 Dungeon Crawl Stone Soup version 0.18.1-8-gdd0e5ea (webtiles) character file.

1470 Metae the Bolt Thrower (level 8, -2/66 HPs)
             Began as a Centaur Arcane Marksman on June 8, 2016.
             Was a Follower of Qazlal.
             Slain by an orc wizard
             ... wielding a +2 mace of protection
              (5 damage)
             ... on level 5 of the Dungeon.
             The game lasted 01:12:23 (7245 turns).

Metae the Bolt Thrower (Centaur Arcane Marksman)    Turns: 7245, Time: 01:12:24

Health: -2/66      AC:  7    Str: 15    XL:     8   Next: 49%
Magic:  12/12      EV: 10    Int: 15    God:    Qazlal [*.....]
Gold:   148        SH:  1    Dex: 10    Spells: 2 memorised, 10 levels left

rFire  + . .     SeeInvis .     p - +0 dagger
rCold  . . .     Gourm    .     s - +2 leather armour {rF+}
rNeg   . . .     Faith    .     (no shield)
rPois  .         Spirit   .     Q - +0 helmet
rElec  .         Dismiss  .     (no cloak)
rCorr  .         Reflect  .     (no gloves)
SustAt .         Harm     .     (no barding)
MR     .....                    (no amulet)
Stlth  ..........               (no ring)
                                j - +3 ring of intelligence

@: lethally poisoned (-2 -> -9), very quick, not resistant to hostile
enchantments, extremely unstealthy
A: hooves 3, deformed body, speed 2, tough skin 3
a: Renounce Religion


You were on level 5 of the Dungeon.
You worshipped Qazlal.
Qazlal was aware of your devotion.
You were not hungry.

You visited 2 branches of the dungeon, and saw 6 of its levels.

You collected 148 gold pieces.

Inventory:

Hand Weapons
 a - a +0 hand crossbow
 p - a +0 dagger (weapon)
 u - a +0 arbalest
 A - a +0 shortbow
 E - a +0 blowgun
 S - a +1 vampiric rapier
Missiles
 k - 27 bolts
 G - 36 poisoned needles
 N - 69 arrows
Armour
 r - a +0 robe
 s - a +2 leather armour of fire resistance (worn)
 D - a +0 scale mail
 L - a +0 animal skin
 M - a +0 helmet
 P - a +2 leather armour of cold resistance
 Q - a +0 helmet (worn)
Jewellery
 h - an uncursed ring of teleportation
 j - a +3 ring of intelligence (left hand)
Wands
 f - a wand of iceblast (8/15)
 F - a wand of polymorph (8/24)
 O - a wand of lightning (8/15)
 U - a wand of random effects (27/48)
Scrolls
 d - a scroll of magic mapping {unknown}
 e - 2 scrolls of noise
 g - a scroll of enchant weapon {unknown}
 i - 2 scrolls of remove curse
 l - a scroll of identify {unknown}
 m - a scroll of amnesia {unknown}
 n - 2 scrolls of immolation {unknown}
 x - a scroll of enchant armour {unknown}
 y - 2 scrolls of blinking {unknown}
 B - a scroll of fog {unknown}
 H - a scroll of random uselessness {unknown}
Potions
 q - a potion of resistance {unknown}
 w - 2 potions of lignification {unknown}
 z - a potion of agility {unknown}
 I - a potion of invisibility
 J - 3 potions of might {unknown}
 K - a potion of ambrosia {unknown}
Books
 c - a book of Debilitation

   Spells                             Type                      Level
   a - Corona                         Hexes                        1
   b - Slow                           Hexes                        2
   c - Gell's Gravitas                Hexes/Translocation          3
   d - Inner Flame                    Hexes/Fire                   3
   e - Cause Fear                     Hexes                        4
   f - Leda's Liquefaction            Hexes/Earth                  4
 T - a book of the Tempests

   Spells                             Type                      Level
   a - Static Discharge               Conjuration/Air              3
   b - Lightning Bolt                 Conjuration/Air              5
   c - Fireball                       Conjuration/Fire             5
   d - Tornado                        Air                          9
   e - Shatter                        Earth                        9
Comestibles
 b - a beef jerky
 o - a bread ration
 t - a slice of pizza
 v - a royal jelly
 C - 4 fruits
 V - 2 chunks of flesh
 W - 3 mutagenic chunks of flesh


   Skills:
 * Level 4.1 Fighting
 + Level 1.3 Short Blades
 * Level 5.1 Crossbows
 + Level 2.4 Throwing
 + Level 1.5 Armour
 + Level 3.1 Dodging
 - Level 1.7 Unarmed Combat
 * Level 3.0 Spellcasting
 * Level 4.9 Hexes
 + Level 1.5 Evocations


You had 10 spell levels left.
You knew the following spells:

 Your Spells              Type           Power        Failure   Level  Hunger
a - Corona                Hex            ###....      3%          1    #......
b - Slow                  Hex            ###.....     6%          2    ##.....


Dungeon Overview and Level Annotations

Branches:
Dungeon (5/15)             Temple (1/1) D:5

Altars:
Ashenzari
Cheibriados
Dithmenos
Elyvilon
Fedhas
Gozag
Kikubaaqudgha
Makhleb
Nemelex Xobeh
Okawaru
Pakellas
Qazlal
Ru
Sif Muna
Trog
Vehumet
Xom
Yredelemnul
Zin
The Shining One

Shops:
D:4 [


Innate Abilities, Weirdness & Mutations

You have hooves in place of feet.
Armour fits poorly on your strangely shaped body.
You cover ground very quickly.
You have extremely tough skin (AC +3).


Message History

You feel sick.
The worker ant bites you but does no damage.
The adder skeleton bites you.
* * * LOW HITPOINT WARNING * * *
The worker ant barely misses you.
You bump into the metal wall.
You feel less confused.
* * * LOW HITPOINT WARNING * * *
You feel sick.
The adder skeleton bites you but does no damage.
You hear some strange, mumbled words.
Something tries to affect you, but you resist.
The worker ant bites you.
* * * LOW HITPOINT WARNING * * *
The adder skeleton bites you but does no damage.
You barely miss the worker ant. You kick the worker ant.
The worker ant is lightly wounded.
* * * LOW HITPOINT WARNING * * *
You feel sick. Something hits you.
You die...

#.# #(# #..# #.#
#.####### ##.# #.#
#....(..## #.#
#######((####..###.##
......>(## ##.##...#
.######(# #.##(#.#
#(# #.((.#[# ###{##
####o..# #)####.ca@#
##..# #.......#Z#
#..# ...####(##H..
#o.# #.#.....# ...#
#c#(....# ..#.#
#c#.....# #.#.#
#.##...## #.#.#
##(##### #


You could see a hippogriff, a centaur, a worker ant and an adder skeleton.

Vanquished Creatures
  Grinder (D:4)
  Edmund (D:4)
  Duvessa (D:4)
  A sky beast (D:5)
  A necrophage (D:5)
  2 ogres
  A centaur (D:5)
  Dowan (D:4)
  3 orc priests
  3 hounds
  Jessica (D:3)
  An iguana (D:4)
  3 orc wizards (D:5)
  A worker ant (D:5)
  A hound zombie (D:5)
  2 hound skeletons
  The ghost of M4edhros the Sneak, a weakling OpAr (D:4)
  Robin (D:3)
  2 gnolls
  3 adders
  A shadow imp (D:5)
  An ooze (D:1)
  An adder skeleton (D:4)
  A worm (D:3)
  3 dart slugs
  5 giant geckos
  14 orcs
  A ball python (D:2)
  11 bats
  4 giant cockroaches
  12 goblins
  10 hobgoblins
  14 jackals
  2 giant newts (D:3)
  6 kobolds
  A quokka skeleton (D:5)
  6 rats
124 creatures vanquished.

Notes
Turn   | Place    | Note
--------------------------------------------------------------
     0 | D:1      | Metae the Centaur Arcane Marksman began the quest for the Orb.
     0 | D:1      | Reached XP level 1. HP: 16/16 MP: 2/2
   293 | D:1      | Reached XP level 2. HP: 21/23 MP: 3/3
   379 | D:1      | Reached XP level 3. HP: 14/29 MP: 4/4
   408 | D:1      | Learned a level 2 spell: Slow
  1570 | D:2      | Found a shadowy altar of Dithmenos.
  1938 | D:3      | Reached XP level 4. HP: 34/36 MP: 5/5
  2798 | D:3      | Reached XP level 5. HP: 33/42 MP: 4/7
  3121 | D:3      | Reached skill level 1 in Unarmed Combat
  3251 | D:3      | Found a blossoming altar of Fedhas.
  3634 | D:3      | Noticed Robin
  3902 | D:3      | Killed Robin
  4217 | D:3      | Noticed Jessica
  4257 | D:3      | Killed Jessica
  4257 | D:3      | Reached skill level 3 in Crossbows
  4476 | D:4      | Noticed M4edhros's ghost (weakling OpAr)
  4485 | D:4      | Killed M4edhros's ghost
  4562 | D:4      | Noticed Edmund
  4692 | D:4      | Killed Edmund
  4692 | D:4      | Reached skill level 1 in Throwing
  4692 | D:4      | Reached XP level 6. HP: 34/50 MP: 7/9
  5054 | D:4      | Noticed Duvessa
  5055 | D:4      | Noticed Dowan
  5148 | D:4      | Killed Duvessa
  5183 | D:4      | Killed Dowan
  5183 | D:4      | Reached skill level 4 in Crossbows
  5183 | D:4      | Reached XP level 7. HP: 32/57 MP: 10/10
  5375 | D:4      | Noticed Grinder
  5376 | D:4      | Found a bloodstained altar of Trog.
  5383 | D:4      | Killed Grinder
  5383 | D:4      | Reached skill level 1 in Armour
  5383 | D:4      | Reached skill level 1 in Evocations
  5770 | D:4      | Found Zucul's Antique Armour Boutique.
  5810 | D:5      | Entered Level 5 of the Dungeon
  5855 | D:5      | Found a staircase to the Ecumenical Temple.
  5889 | Temple   | Entered the Ecumenical Temple
  6037 | Temple   | Became a worshipper of Qazlal Stormbringer
  6259 | D:5      | Reached skill level 1 in Short Blades
  6259 | D:5      | Reached XP level 8. HP: 53/66 MP: 12/12
  7055 | D:5      | Reached * piety under Qazlal
  7055 | D:5      | Reached skill level 5 in Crossbows
  7245 | D:5      | HP: 3/66 [poisoned by a worker ant]
  7245 | D:5      | Slain by an orc wizard

Skill      XL: |  1  2  3  4  5  6  7  8 |
---------------+-------------------------+-----
Hexes          | 3 4 |  4.9
Fighting       | 2 3 4 |  4.1
Dodging        | 2 3 |  3.1
Unarmed Combat | 1 |  1.7
Crossbows      | 3 4 5 |  5.1
Throwing       | 1 2 |  2.4
Spellcasting   | 2 3 |  3.0
Armour         | 1 |  1.5
Evocations     | 1 |  1.5
Short Blades   | 1 |  1.3

Action                   |  1- 3 |  4- 6 |  7- 9 || total
-------------------------+-------+-------+-------++-------
Melee: Dagger            |       |    36 |     4 ||    40
       Kick              |       |    13 |     2 ||    15
       Punch             |       |     1 |       ||     1
       Arbalest          |       |       |     5 ||     5
 Fire: Hand crossbow     |    50 |       |       ||    50
       Arbalest          |    37 |    84 |   109 ||   230
       Blowgun           |       |   102 |    27 ||   129
 Cast: Corona            |     3 |     8 |     1 ||    12
       Slow              |       |     2 |       ||     2
Evoke: Wand              |       |     2 |       ||     2
  Use: Scroll            |     1 |     1 |     1 ||     3
       Potion            |       |     1 |     2 ||     3
  Eat: Bread ration      |     1 |       |     1 ||     2
       Chunk             |       |     6 |     1 ||     7
       Meat ration       |       |       |     1 ||     1
       Beef jerky        |       |       |     1 ||     1
Armor: Robe              |    10 |       |       ||    10
       Leather armour    |    18 |    62 |    62 ||   142
Dodge: Dodged            |    40 |    87 |    60 ||   187
Block: Other             |       |       |     2 ||     2
